 Dungeon Crawl Stone Soup version 0.25.0-46-gbd7b0854d2 (webtiles) character file.

Game seed: 4095676495559644254

87 Elvor the Bolt Thrower (level 4, -10/38 HPs)
             Began as a Minotaur Hunter on July 17, 2020.
             Mangled by an ogre
             ... wielding a cursed +0 giant spiked club
              (19 damage)
             ... on level 1 of the Dungeon.
             The game lasted 00:14:54 (1514 turns).

Elvor the Bolt Thrower (Minotaur Hunter)            Turns: 1514, Time: 00:14:55

Health: -10/38     AC:  8    Str: 18    XL:     4   Next: 28%
Magic:  3/3        EV:  7    Int:  8    God:
Gold:   113        SH:  0    Dex: 10    Spells: 3/3 levels left

rFire    . . .     SeeInvis .   b - +0 short sword
rCold    . . .     Gourm    .   (no shield)
rNeg     . . .     Faith    .   m - +0 chain mail (curse)
rPois    .         Spirit   .   (helmet restricted)
rElec    .         Reflect  .   (no cloak)
rCorr    .         Harm     .   (no gloves)
MR       .....                  (no boots)
Stlth    ..........             (no amulet)
HPRegen  0.12/turn              (no ring)
MPRegen  0.08/turn              (no ring)

@: no status effects
A: retaliatory headbutt, horns 2
a: no special abilities


You were on level 1 of the Dungeon.
You were not hungry.

You visited 1 branch of the dungeon, and saw 3 of its levels.

You collected 113 gold pieces.

Inventory:

Hand Weapons
 a - a +1 hand crossbow
 b - a +0 short sword (weapon)
 n - a +4 mace
Missiles
 d - 5 bolts
 i - 25 poisoned darts (quivered)
Armour
 c - a +0 leather armour
 m - a cursed +0 chain mail (worn)
Scrolls
 e - 2 scrolls of remove curse {unknown}
 h - 3 scrolls of identify {unknown}
 j - 2 scrolls of teleportation {unknown}
 k - 3 scrolls of enchant armour {unknown}
 p - a scroll of magic mapping {unknown}
 q - a scroll of noise {unknown}
 u - a scroll of fear {unknown}
Potions
 g - a potion of resistance {unknown}
 l - a potion of brilliance {unknown}
 o - a potion of cancellation {unknown}
 r - a potion of ambrosia {unknown}
 s - a potion of degeneration {unknown}
Comestibles
 f - 6 rations
 t - 4 chunks of flesh


   Skills:
 * Level 3.5 Fighting
 + Level 5.6 Crossbows
 + Level 0.6 Armour
 + Level 2.5 Dodging
 + Level 0.8 Stealth


You had 3 spell levels left.
You didn't know any spells.
Your spell library was empty.

Dungeon Overview and Level Annotations

Branches:
Dungeon (3/15)

Altars:
Gozag
Makhleb


Innate Abilities, Weirdness & Mutations

You reflexively headbutt those who attack you in melee.
You have a pair of horns on your head.


Message History

You kill the hobgoblin!
You see here a +0 club.
Okay, then.
There is a stone staircase leading down here.
You can't go up here!
You climb downwards.
The ogre hits you with a +0 giant club! The ogre barely misses you.
There is a stone staircase leading up here.
The ogre hits you with a +0 giant club!
The ogre hits you with a cursed +0 giant spiked club!
* * * LOW HITPOINT WARNING * * *
You climb upwards.
There is a stone staircase leading down here.
There is a stone staircase leading up here.
The ogre barely misses you.
You climb upwards.
There is a stone staircase leading down here.
The ogre hits you with a cursed +0 giant spiked club!!
Ouch! That really hurt!
You die...

#...# #........#.).# ####...####
#.##.........# #### #.........#
#..#.#.....#.# #... #.......[.#
##.#.#.#.#.#.# #)##
#.........#####.......#.#.# #.#
..................#.....#.# #.#
################..#####.#.####.#
# #...........................#
####.###########@O##############
.......# ##># ######## ###


You could see an ogre.

Vanquished Creatures
  3 adders (D:2)
  An ooze (D:1)
  A worm (D:2)
  A dart slug (D:2)
  4 giant cockroaches
  3 goblins
  6 hobgoblins
  8 jackals
  A quokka (D:2)
  7 bats
  5 frilled lizards
  5 kobolds
  8 rats
53 creatures vanquished.

Notes
Turn   | Place    | Note
-------+----------+-------------------------------------------
     0 | D:1      | Elvor the Minotaur Hunter began the quest for the Orb.
     0 | D:1      | Reached XP level 1. HP: 18/18 MP: 0/0
   187 | D:1      | Reached XP level 2. HP: 25/25 MP: 1/1
   346 | D:1      | Reached skill level 5 in Crossbows
   553 | D:2      | Reached XP level 3. HP: 23/30 MP: 2/2
  1004 | D:2      | Reached XP level 4. HP: 34/38 MP: 3/3
  1435 | D:2      | Found an opulent altar of Gozag.
  1453 | D:2      | Found a burning altar of Makhleb.
  1489 | D:3      | Noticed an ogre
  1493 | D:3      | Noticed an ogre
  1514 | D:1      | Mangled by an ogre

Illustrated notes

Levels and vault maps discovered:
D:1:      minmay_arrival_hallway, layout_basic
D:2:      wad_river_or_something, layout_basic, overflow_temple_1_default,
          lightli_temple_of_fire, minmay_distorted
D:3:      layout_rooms, old_standard_altar, first_ration, uniq_purgy

Skill      XL: |  1  2  3 |
---------------+----------+-----
Crossbows      | 5 |  5.6
Fighting       | 3 |  3.5
Armour         | |  0.6
Dodging        | |  2.5
Stealth        | |  0.8

Action                   |  1- 3 |  4- 6 || total
-------------------------+-------+-------++-------
Melee: Short sword       |    10 |     9 ||    19
       Headbutt          |     2 |       ||     2
 Fire: Hand crossbow     |    85 |    10 ||    95
Throw: Dart              |       |     9 ||     9
  Eat: Chunk             |       |     2 ||     2
Armor: Leather armour    |    12 |       ||    12
       Chain mail        |     5 |     6 ||    11
Dodge: Dodged            |    24 |     8 ||    32
